[Event "ICC tourney 2149 (70 10)"]
[Site "Internet Chess Club"]
[Date "2020.11.21"]
[Round "2"]
[White "hydroflares"]
[Black "akhilkakarla"]
[Result "1-0"]
[ICCResult "Black checkmated"]
[WhiteElo "1578"]
[BlackElo "1158"]
[Opening "Ruy Lopez: old Steinitz defense"]
[ECO "C62"]
[NIC "RL.02"]
[Time "16:03:40"]
[TimeControl "4200+10"]

1. e4 e5 2. Nf3 Nc6 3. Bb5 d6 4. Bxc6+ bxc6 5. O-O Bg4 6. h3 Be6 7. Nc3 Nf6
8. d3 Be7 9. Qe2 O-O 10. b3 c5 11. Bb2 h6 12. Rfe1 Qd7 13. Rad1 Nh5 14. Nh2
Nf4 15. Qf3 Ng6 16. Nb1 a5 17. a4 Nh4 18. Qg3 Ng6 19. Nf3 Qd8 20. Nbd2 Bh4
21. Nxh4 Qxh4 22. Qxh4 Nxh4 23. g3 Ng6 24. h4 Bg4 25. f3 Be6 26. h5 Ne7 27.
Nc4 Bxc4 28. dxc4 Nc6 29. g4 Nd4 30. Bxd4 cxd4 31. Rf1 Rfe8 32. Rde1 Re6 33.
Kg2 Rc8 34. Rc1 Rd8 35. c3 dxc3 36. Rxc3 Rb8 37. Rb1 Rb4 38. c5 Re8 39. cxd6
cxd6 40. Rc6 Rd8 41. Ra6 Rdb8 42. Rxa5 Rxb3 43. Rxb3 Rxb3 44. Ra8+ Kh7 45.
a5 Ra3 46. a6 g6 47. hxg6+ Kxg6 48. a7 Kg7 49. Kg3 f6 50. Kg2 Ra2+ 51. Kg3
Ra3 52. Rd8 Rxa7 53. Rxd6 Kf7 54. Rd1 Kg6 55. Rh1 Rh7 56. Rh5 Rg7 57. f4
exf4+ 58. Kxf4 Kh7 59. Kf5 Rf7 60. Ke6 Rg7 61. Kxf6 Rxg4 62. e5 Rf4+ 63. Ke7
Kg6 64. Rh1 Re4 65. e6 Kf5 66. Rxh6 Ke5 67. Kd7 Rd4+ 68. Ke7 Kf5 69. Rf6+
Kg5 70. Kf7 Rd6 71. Rf1 Kg4 72. e7 Rd7 73. Kf8 Rxe7 74. Kxe7 Kg3 75. Ke6 Kg2
76. Rf4 Kg3 77. Ke5 Kg2 78. Ke4 Kg1 79. Kf3 Kf1 80. Rg4 Ke1 81. Rd4 Kf1 82.
Rd1# {Black checkmated} 1-0

[Event "ICC tourney 2149 (70 10)"]
[Site "Internet Chess Club"]
[Date "2020.11.21"]
[Round "2"]
[White "travelworld"]
[Black "jnkut"]
[Result "1-0"]
[ICCResult "Black checkmated"]
[WhiteElo "1209"]
[BlackElo "1542"]
[Opening "Sicilian: dragon, 6.Be3"]
[ECO "B72"]
[NIC "SI.16"]
[Time "16:02:50"]
[TimeControl "4200+10"]

1. e4 c5 2. Nf3 d6 3. d4 cxd4 4. Nxd4 Nf6 5. Nc3 g6 6. Be3 Bg7 7. Bd3 O-O 8.
O-O Nc6 9. Qd2 Bd7 10. Nf3 Rc8 11. h3 a6 12. Bh6 b5 13. Nd5 Nxd5 14. exd5
Ne5 15. Nxe5 dxe5 16. Bxg7 Kxg7 17. f4 Qb6+ 18. Kh1 Qd4 19. fxe5 Qxe5 20.
Rae1 Qxd5 21. Re4 Bf5 22. Rh4 Rh8 23. Qh6+ Kg8 24. Bxf5 Rd8 25. Bxg6 fxg6
26. Rhf4 Qa8 27. Rf7 Rf8 28. Qg7# {Black checkmated} 1-0

[Event "ICC tourney 2149 (70 10)"]
[Site "Internet Chess Club"]
[Date "2020.11.21"]
[Round "2"]
[White "Queen4aKing"]
[Black "beans123"]
[Result "1-0"]
[ICCResult "Black checkmated"]
[WhiteElo "1517"]
[BlackElo "1264"]
[Opening "Sicilian: Smith-Morra gambit"]
[ECO "B21"]
[NIC "SI.48"]
[Time "16:02:51"]
[TimeControl "4200+10"]

1. e4 c5 2. d4 cxd4 3. Nf3 Nf6 4. e5 Nd5 5. Qxd4 e6 6. Nc3 Nxc3 7. bxc3 Nc6
8. Qd1 d6 9. exd6 Bxd6 10. Bd3 O-O 11. Bxh7+ Kh8 12. Bd3 Be7 13. Ng5 g6 14.
Qg4 Kg7 15. Nxf7 Rxf7 16. Qxg6+ Kf8 17. Bh6+ Ke8 18. Qg8+ Bf8 19. Bg6 Qe7
20. Bxf8 Qxf8 21. Bxf7+ Ke7 22. Qxf8+ Kxf8 23. Bh5 e5 24. Bf3 Na5 25. Rb1
Be6 26. O-O Bxa2 27. Ra1 Bc4 28. Rxa5 Bxf1 29. Kxf1 b6 30. Bxa8 bxa5 31. Bd5
a4 32. Ke2 a3 33. Ba2 Ke7 34. Ke3 Kd6 35. Ke4 a6 36. h4 a5 37. h5 a4 38. h6
Ke7 39. h7 Kf6 40. h8=Q+ Ke7 41. Qxe5+ Kd7 42. Be6+ Kc6 43. Qd5+ Kc7 44.
Qc5+ Kb7 45. Bd5+ Ka6 46. Bc6 a2 47. Qb5+ Ka7 48. Qb7# {Black checkmated}
1-0

[Event "ICC tourney 2149 (70 10)"]
[Site "Internet Chess Club"]
[Date "2020.11.21"]
[Round "2"]
[White "kd9junior"]
[Black "thihansa"]
[Result "1-0"]
[ICCResult "Black checkmated"]
[WhiteElo "1455"]
[BlackElo "1189"]
[Opening "Catalan: closed, 5.Nf3"]
[ECO "E06"]
[NIC "CA.04"]
[Time "16:02:59"]
[TimeControl "4200+10"]

1. d4 d5 2. c4 e6 3. Nf3 Nf6 4. g3 Be7 5. Bg2 c6 6. O-O O-O 7. Nc3 Nbd7 8.
b3 b6 9. Bb2 Bb7 10. Qc2 Rc8 11. e4 dxe4 12. Nxe4 c5 13. Nxf6+ Bxf6 14. Rfd1
Qe7 15. d5 Bxb2 16. Qxb2 exd5 17. cxd5 Qf6 18. Qxf6 Nxf6 19. Ne5 Rcd8 20. d6
Bxg2 21. Kxg2 Ne4 22. d7 Nf6 23. a4 g6 24. a5 b5 25. Rac1 c4 26. bxc4 bxc4
27. Rxc4 Kg7 28. Rc7 a6 29. Ra7 h5 30. Rxa6 Nxd7 31. Rxd7 Rxd7 32. Nxd7 Rd8
33. Ra7 Rc8 34. a6 Rc3 35. Ra8 Ra3 36. a7 Ra5 37. Nb6 Kf6 38. Nc8 Kg5 39.
Rb8 f5 40. a8=Q Rxa8 41. Rxa8 h4 42. f4+ Kg4 43. Ne7 h3+ 44. Kf2 g5 45. fxg5
Kxg5 46. Kf3 Kf6 47. Ra7 Ke5 48. Ra5+ Kf6 49. Nxf5 Kg6 50. Nh4+ Kh6 51. Kg4
Kg7 52. Ra6 Kf7 53. Kf5 Ke7 54. Rh6 Kd7 55. Ke5 Kc7 56. Kd5 Kb7 57. Kc5 Ka7
58. Kb5 Kb7 59. Rh7+ Kc8 60. Kb6 Kd8 61. Kc6 Ke8 62. Kd6 Kf8 63. Ra7 Kg8 64.
Ke6 Kh8 65. Kf6 Kg8 66. Rb7 Kh8 67. Kg6 Kg8 68. Rb8# {Black checkmated} 1-0

[Event "ICC tourney 2149 (70 10)"]
[Site "Internet Chess Club"]
[Date "2020.11.21"]
[Round "2"]
[White "BL1867"]
[Black "venkataralla"]
[Result "1-0"]
[ICCResult "Black checkmated"]
[WhiteElo "1451"]
[BlackElo "1447"]
[Opening "Sicilian: Grand Prix attack"]
[ECO "B21"]
[NIC "SI.48"]
[Time "16:03:40"]
[TimeControl "4200+10"]

1. e4 c5 2. f4 d5 3. Bb5+ Bd7 4. Bxd7+ Qxd7 5. e5 Nc6 6. Nf3 g6 7. c3 Bg7 8.
d4 cxd4 9. cxd4 e6 10. O-O Nge7 11. Nc3 O-O 12. Nb5 Nc8 13. b3 a6 14. Nc3 f6
15. Ba3 Re8 16. Qe1 fxe5 17. fxe5 N8e7 18. Bxe7 Qxe7 19. Ne2 Nb4 20. Qd2 Nc6
21. Ng5 Rf8 22. Nf3 h6 23. Nf4 Qf7 24. Nh4 Qd7 25. Nhxg6 Rf7 26. Nh5 Kh7 27.
Rxf7 Qxf7 28. Ngf4 Qf5 29. Rf1 Rf8 30. Ng3 Qg4 31. Qd3+ Kg8 32. h3 Qg5 33.
Nxe6 Rxf1+ 34. Nxf1 Qe7 35. Qg6 a5 36. Ne3 Nb4 37. Nf5 Qf7 38. Nxh6+ Kh8 39.
Nxf7+ Kg8 40. Qxg7# {Black checkmated} 1-0

[Event "ICC tourney 2149 (70 10)"]
[Site "Internet Chess Club"]
[Date "2020.11.21"]
[Round "2"]
[White "sandwich-monkey"]
[Black "WaSabi5829"]
[Result "1-0"]
[ICCResult "Black resigns"]
[WhiteElo "1621"]
[BlackElo "1406"]
[Opening "Queen's bishop game"]
[ECO "D02"]
[NIC "QP.06"]
[Time "16:02:49"]
[TimeControl "4200+10"]

1. d4 Nf6 2. Nf3 d5 3. Bf4 g6 4. e3 Bg7 5. Nbd2 O-O 6. Be2 b6 7. c4 c5 8.
dxc5 bxc5 9. cxd5 Nxd5 10. Be5 f6 11. Bg3 Nc6 12. Bc4 e6 13. Nb3 Nb6 14. Bb5
Qxd1+ 15. Rxd1 Nb4 16. a3 c4 17. axb4 cxb3 18. Bc6 Ba6 19. Bxa8 Rxa8 20. Rc1
Na4 21. Ra1 Bb5 22. Nd4 Bd7 23. Nxb3 Nxb2 24. Nc5 f5 25. Nxd7 Nd3+ 26. Ke2
Bxa1 27. Kxd3 Bg7 28. Nc5 Kf7 29. Kc4 Rc8 30. Rd1 Kf6 31. Rd7 a5 32. bxa5
Bf8 33. Bd6 Bxd6 34. Rxd6 Re8 35. Rxe6+ Rxe6 36. Nxe6 Kxe6 37. a6 Kd6 38. a7
Kc7 39. a8=Q {Black resigns} 1-0

[Event "ICC tourney 2149 (70 10)"]
[Site "Internet Chess Club"]
[Date "2020.11.21"]
[Round "2"]
[White "Knighthhhh"]
[Black "LegacyCreator"]
[Result "0-1"]
[ICCResult "White checkmated"]
[WhiteElo "1098"]
[BlackElo "1391"]
[Opening "QGD"]
[ECO "D52"]
[NIC "SL.06"]
[Time "16:02:45"]
[TimeControl "4200+10"]

1. d4 d5 2. c4 c6 3. Nc3 e6 4. Nf3 Nf6 5. Bg5 Nbd7 6. e3 Qb6 7. Qc2 Bb4 8.
a3 Qa5 9. Rc1 Ne4 10. axb4 Qxb4 11. Bf4 a5 12. Nd2 Ndf6 13. Bd3 Nxd2 14.
Qxd2 dxc4 15. Be2 Nd5 16. Nxd5 Qxd2+ 17. Kxd2 cxd5 18. Bd6 b5 19. b3 a4 20.
bxa4 bxa4 21. Ra1 f6 22. Rhb1 Kf7 23. Bd1 Rd8 24. Bc5 Bd7 25. Rb7 Kg6 26. h4
h5 27. g4 Ra6 28. Be7 Bc6 29. Bc2+ f5 30. gxf5+ exf5 31. Rg1+ Kh6 32. Bg5+
Kh7 33. Bxf5+ Kh8 34. Rf7 Rg8 35. Rf6 a3 36. Rh6+ gxh6 37. Bf6+ Rg7 38. Rxg7
Bb5 39. Rg1+ Rxf6 40. Bh3 a2 41. Ra1 Ba4 42. f4 Bb3 43. Kc3 Rg6 44. Kd2 Kg7
45. Re1 Kf6 46. Ra1 Rg3 47. Bd7 Rg2+ 48. Kc3 Rc2+ 49. Kb4 Rb2 50. Ka3 Rb1
51. Rxa2 Bxa2 52. Kxa2 Rb3 53. Ba4 Rxe3 54. f5 Kxf5 55. Kb2 Kg4 56. Kc2 Kxh4
57. Kd2 Ra3 58. Bc2 c3+ 59. Kd3 Kg3 60. Ke2 Ra2 61. Kd3 h4 62. Bd1 Rd2+ 63.
Kxc3 Rxd1 64. Kb4 Rc1 65. Kb3 h3 66. Kb2 Rc4 67. Kb1 h2 68. Ka1 h1=Q+ 69.
Kb2 Qf3 70. Ka2 Rc2+ 71. Ka1 Qd1# {White checkmated} 0-1

[Event "ICC tourney 2149 (70 10)"]
[Site "Internet Chess Club"]
[Date "2020.11.21"]
[Round "2"]
[White "ColdSpringAZ"]
[Black "VirginiaGuy"]
[Result "1-0"]
[ICCResult "Black resigns"]
[WhiteElo "1503"]
[BlackElo "1511"]
[Opening "Four knights: Spanish variation"]
[ECO "C48"]
[NIC "KP.03"]
[Time "16:02:55"]
[TimeControl "4200+10"]

1. e4 e5 2. Nf3 Nc6 3. Nc3 Nf6 4. Bb5 d6 5. d4 exd4 6. Nxd4 Bd7 7. Nxc6 bxc6
8. Bc4 Be7 9. O-O O-O 10. Be3 Nxe4 11. Nxe4 d5 12. Bxd5 cxd5 13. Qxd5 Qc8
14. Nc5 Bf5 15. c3 Bg6 16. Qc6 Bd6 17. Rad1 Qf5 18. Rd5 Qc2 19. Rd2 Qf5 20.
g3 Qh5 21. Nb7 Be5 22. f4 Bf6 23. Qxc7 Be4 24. Nd6 Bg6 25. Bxa7 {Black
resigns} 1-0

[Event "ICC tourney 2149 (70 10)"]
[Site "Internet Chess Club"]
[Date "2020.11.21"]
[Round "2"]
[White "Futurebus"]
[Black "leilei8514"]
[Result "1/2-1/2"]
[ICCResult "Game drawn because neither player has mating material"]
[WhiteElo "1529"]
[BlackElo "1350"]
[Opening "Sicilian: Smith-Morra gambit"]
[ECO "B21"]
[NIC "SI.48"]
[Time "16:03:40"]
[TimeControl "4200+10"]

1. e4 c5 2. d4 cxd4 3. c3 dxc3 4. Nxc3 Nc6 5. Nf3 e6 6. Bc4 Bb4 7. O-O Nge7
8. Bf4 Bxc3 9. bxc3 d5 10. exd5 exd5 11. Bb3 O-O 12. Re1 Bf5 13. Qd2 Bg4 14.
Ne5 Nxe5 15. Rxe5 Be6 16. Bg5 Qd6 17. Rae1 Nc6 18. R5e3 Na5 19. Rg3 Nxb3 20.
axb3 f6 21. Rge3 Rae8 22. Bh4 Bf7 23. Rxe8 Rxe8 24. Rxe8+ Bxe8 25. Qe3 Bd7
26. Bg3 Qa3 27. h3 Qxb3 28. Qxa7 Qxc3 29. Qxb7 Qc6 30. Qxc6 Bxc6 31. f3 Kf7
32. Kf2 d4 33. Ke2 Bb5+ 34. Kd2 Bf1 35. Bf2 Bxg2 36. Bxd4 Bxh3 37. Ke3 Be6
38. f4 Bd5 39. Kf2 Ke6 40. Kg3 Kf5 41. Be3 g5 42. Bd2 h5 43. fxg5 fxg5 44.
Kh2 h4 45. Be1 Kg4 46. Bf2 Kh5 47. Be1 Kg4 48. Bf2 Kf3 49. Bxh4 gxh4 50. Kh3
Kf4 51. Kxh4 {Game drawn because neither player has mating material} 1/2-1/2

[Event "ICC tourney 2149 (70 10)"]
[Site "Internet Chess Club"]
[Date "2020.11.21"]
[Round "2"]
[White "Yadavalli"]
[Black "LeoRamirezT"]
[Result "1-0"]
[ICCResult "Black checkmated"]
[WhiteElo "1298"]
[BlackElo "1364"]
[Opening "French: advance, Euwe variation"]
[ECO "C02"]
[NIC "FR.03"]
[Time "16:03:06"]
[TimeControl "4200+10"]

1. e4 e6 2. d4 d5 3. e5 c5 4. c3 Nc6 5. Nf3 Bd7 6. a3 h6 7. b4 cxd4 8. cxd4
a6 9. Nc3 Qc7 10. Bd3 Nxb4 11. Bb2 Nxd3+ 12. Qxd3 Ne7 13. O-O Ng6 14. Rfc1
Qb6 15. Rab1 Qa5 16. g3 Be7 17. h4 h5 18. Rc2 O-O 19. Bc1 b5 20. Bd2 b4 21.
axb4 Bxb4 22. Ra2 Qb6 23. Na4 Bxa4 24. Bxb4 Bb5 25. Bxf8 Kxf8 26. Rxb5 Qc6
27. Rc5 Qb6 28. Qa3 Kg8 29. Rac2 Ne7 30. Rc7 Nf5 31. Rc8+ Rxc8 32. Rxc8+ Kh7
33. Ng5+ Kg6 34. Qf8 Nh6 35. Qh8 Kf5 36. Qh7+ Kg4 37. Qd3 f5 38. Qf3#
{Black checkmated}
1-0

[Event "ICC tourney 2149 (70 10)"]
[Site "Internet Chess Club"]
[Date "2020.11.21"]
[Round "2"]
[White "ShriChess12"]
[Black "MahchessICC"]
[Result "1/2-1/2"]
[ICCResult "Game drawn by mutual agreement"]
[WhiteElo "1431"]
[BlackElo "1311"]
[Opening "French: Tarrasch, closed variation"]
[ECO "C05"]
[NIC "FR.14"]
[Time "16:03:18"]
[TimeControl "4200+10"]

1. e4 e6 2. d4 d5 3. Nd2 Nf6 4. Bd3 Nc6 5. e5 Nd7 6. c3 a6 7. Ngf3 f6 8.
exf6 Qxf6 9. O-O Bd6 10. Qc2 h6 11. c4 O-O 12. b3 Nb4 13. Bh7+ Kh8 14. Qb1
Nc6 15. Bb2 Bb4 16. Rd1 e5 17. cxd5 Nxd4 18. Nxd4 Qxf2+ 19. Kh1 exd4 20. Ne4
Qf4 21. Bxd4 Be7 22. Bb2 Nf6 23. Rf1 Qh4 24. Nxf6 Bxf6 25. Bxf6 Rxf6 26.
Rxf6 Qxf6 27. Bd3 Bd7 28. Qf1 Qd6 29. Qf7 Rf8 30. Qg6 Qxg6 31. Bxg6 Rf6 32.
Bh5 c6 33. dxc6 Bxc6 34. Kg1 Kg8 35. g3 Kf8 36. Rf1 Rxf1+ 37. Kxf1 Ke7 38.
Ke2 b5 39. b4 Ke6 40. Ke3 Ke5 41. a3 Bd5 42. Be2 Be4 43. Bd1
{Game drawn by mutual agreement}
1/2-1/2

[Event "ICC tourney 2149 (70 10)"]
[Site "Internet Chess Club"]
[Date "2020.11.21"]
[Round "2"]
[White "welmo"]
[Black "ranu540"]
[Result "1-0"]
[ICCResult "Black checkmated"]
[WhiteElo "1516"]
[BlackElo "1328"]
[Opening "Sicilian: accelerated fianchetto, exchange variation"]
[ECO "B34"]
[NIC "SI.33"]
[Time "16:03:18"]
[TimeControl "4200+10"]

1. e4 c5 2. Nf3 Nc6 3. d4 cxd4 4. Nxd4 g6 5. Nxc6 bxc6 6. Bd3 Bg7 7. O-O Nf6
8. Nc3 O-O 9. Re1 d5 10. exd5 cxd5 11. Bf4 Be6 12. a3 Qb6 13. Rb1 Ng4 14.
Qe2 Bd4 15. Nd1 Rac8 16. h3 Nf6 17. c3 Bc5 18. Ne3 Nh5 19. Bh2 Bd6 20. Bxd6
Qxd6 21. Qd1 Nf4 22. Bf1 Rfd8 23. Qf3 d4 24. cxd4 Qxd4 25. Red1 Qe5 26.
Rxd8+ Rxd8 27. Ng4 Qd6 28. Ne3 Nd5 29. Rd1 Qe5 30. Bc4 Kg7 31. Nxd5 Bxd5 32.
Rxd5 Rxd5 33. Qxd5 Qxd5 34. Bxd5 f6 35. Kf1 h6 36. Ke2 g5 37. Ke3 Kg6 38. g4
Kg7 39. Ke4 Kg6 40. f3 h5 41. Be6 h4 42. Kd5 Kg7 43. Kc6 Kf8 44. Kb7 Ke8 45.
Kxa7 Kd8 46. Kb7 Ke8 47. a4 Kd8 48. a5 Ke8 49. a6 Kf8 50. a7 Kg7 51. a8=Q
Kg6 52. Qg8+ Kh6 53. Qf8+ Kg6 54. Bf5# {Black checkmated} 1-0

[Event "ICC tourney 2149 (70 10)"]
[Site "Internet Chess Club"]
[Date "2020.11.21"]
[Round "2"]
[White "ChalsparoV"]
[Black "AdityaBang"]
[Result "1-0"]
[ICCResult "Black resigns"]
[WhiteElo "1587"]
[BlackElo "1391"]
[Opening "Queen's Pawn"]
[ECO "A41"]
[NIC "QO.17"]
[Time "16:02:58"]
[TimeControl "4200+10"]

1. d4 d6 2. Nf3 Nf6 3. Bf4 g6 4. e3 Bg7 5. h3 O-O 6. Nbd2 Nc6 7. c3 Nd7 8.
Be2 e5 9. dxe5 dxe5 10. Bg5 f6 11. Bh4 g5 12. Bg3 f5 13. Nb3 e4 14. Qd5+ Kh8
15. Nfd4 Nxd4 16. Nxd4 c6 17. Qd6 Rf6 18. Qc7 Qf8 19. h4 g4 20. Bc4 Nb6 21.
Bb3 c5 22. Nb5 Rc6 23. Qf4 Nd7 24. Bh2 Be5 25. Qxe5+ Nxe5 26. Bxe5+ Rf6 27.
O-O-O Qe7 28. Bxf6+ Qxf6 29. Rd6 Qe7 30. Rhd1 Kg7 31. h5 h6 32. Rg6+ Kh7 33.
Rdd6 Qf8 34. Rdf6 Qxf6 35. Rxf6 a6 36. Nc7 Rb8 37. Rf7+ Kh8 38. Ne8 b5 39.
Rf8+ Kh7 40. Bg8+ Kh8 41. Be6+ Kh7 42. Bxc8 {Black resigns} 1-0

[Event "ICC tourney 2149 (70 10)"]
[Site "Internet Chess Club"]
[Date "2020.11.21"]
[Round "2"]
[White "delennkier"]
[Black "chessfans2020"]
[Result "0-1"]
[ICCResult "White resigns"]
[WhiteElo "1277"]
[BlackElo "1528"]
[Opening "Nimzo-Indian: Leningrad variation"]
[ECO "E30"]
[NIC "NI.25"]
[Time "16:03:23"]
[TimeControl "4200+10"]

1. d4 Nf6 2. c4 e6 3. Nc3 Bb4 4. Bg5 c5 5. e3 Qa5 6. Ne2 Ne4 7. Qc2 cxd4 8.
Bd8 dxc3 9. bxc3 Kxd8 10. Rc1 Ba3 11. Rd1 Nc5 12. g3 Qa4 13. Qd2 Ne4 14. Qd3
Nf6 15. Bg2 Nc6 16. O-O b6 17. Bxc6 Qxc6 18. Nd4 Qe4 19. Qd2 Bb7 20. f3 Qg6
21. Qf2 Bc5 22. Ne2 Ng4 23. fxg4 Qe4 24. Rxd7+ Kxd7 25. Qxf7+ Kc8
{White resigns}
0-1

[Event "ICC tourney 2149 (70 10)"]
[Site "Internet Chess Club"]
[Date "2020.11.21"]
[Round "2"]
[White "attalone"]
[Black "Kingdude"]
[Result "0-1"]
[ICCResult "White resigns"]
[WhiteElo "1527"]
[BlackElo "1249"]
[Opening "King's Indian defense, 3.Nc3"]
[ECO "E61"]
[NIC "KI.76"]
[Time "16:02:56"]
[TimeControl "4200+10"]

1. d4 Nf6 2. c4 g6 3. Nc3 Bg7 4. Nf3 d6 5. e3 O-O 6. Bd3 e5 7. Be2 Nh5 8.
O-O f5 9. d5 a5 10. a4 Na6 11. Qb3 Nc5 12. Qc2 f4 13. e4 h6 14. b3 Bd7 15.
Ba3 b6 16. Bxc5 bxc5 17. Rab1 g5 18. Nxe5 Bxe5 19. Bxh5 g4 20. Bg6 Qf6 21.
Nb5 Qxg6 22. Nxc7 Rac8 23. Nb5 Kh8 24. Rbe1 f3 25. g3 Qh5 26. Kh1 Qh3 27.
Rg1 h5 28. Qd2 Rf7 29. Qh6+ Rh7 30. Qg6 Rg8 31. Qxh7+ Kxh7 32. Rc1 h4 33.
Rc2 hxg3 34. fxg3 Bxb5 35. axb5 Bd4 36. Ra2 f2 37. Rxf2 Bxf2 {White resigns}
0-1

[Event "ICC tourney 2149 (70 10)"]
[Site "Internet Chess Club"]
[Date "2020.11.21"]
[Round "2"]
[White "ChessHero76"]
[Black "RatislavK"]
[Result "0-1"]
[ICCResult "White checkmated"]
[WhiteElo "1264"]
[BlackElo "1196"]
[Opening "Sicilian: Pelikan (Lasker/Sveshnikov) variation"]
[ECO "B33"]
[NIC "SI.35"]
[Time "16:03:04"]
[TimeControl "4200+10"]

1. e4 c5 2. Nf3 Nc6 3. d4 cxd4 4. Nxd4 Nf6 5. Nc3 e5 6. Nb3 Bb4 7. Bd3 Bxc3+
8. bxc3 d5 9. exd5 Qxd5 10. O-O e4 11. Be2 Qe5 12. Bb2 h5 13. Qc1 Ng4 14. g3
h4 15. Bxg4 Bxg4 16. f4 Qh5 17. Qe3 O-O-O 18. Nd4 Nxd4 19. cxd4 hxg3 20.
Qxg3 Rh6 21. Kf2 Be2 22. Rfe1 e3+ 23. Kxe3 Rg6 24. Qf2 Re8+ 25. Kd2 Qh3 26.
Rg1 Rc6 27. Rg3 Qf5 28. Rc1 Qa5+ 29. c3 Qxa2 30. Rc2 Qc4 31. Re3 Rce6 32.
Rxe6 Qd3+ 33. Kc1 Qd1# {White checkmated} 0-1

[Event "ICC tourney 2149 (70 10)"]
[Site "Internet Chess Club"]
[Date "2020.11.21"]
[Round "2"]
[White "iamvoltu"]
[Black "MinnArkie"]
[Result "1-0"]
[ICCResult "Black resigns"]
[WhiteElo "1518"]
[BlackElo "1481"]
[Opening "Queen's pawn: London system"]
[ECO "A45"]
[NIC "QP.07"]
[Time "16:03:13"]
[TimeControl "4200+10"]

1. d4 Nf6 2. Bf4 d6 3. Nf3 Bf5 4. e3 Nbd7 5. c3 Nh5 6. Bg3 Nxg3 7. hxg3 Bg4
8. Bc4 Nf6 9. Qb3 d5 10. Bd3 Bxf3 11. gxf3 Rb8 12. Qa4+ c6 13. Qxa7 g6 14.
Nd2 Bg7 15. e4 e6 16. Nb3 O-O 17. O-O dxe4 18. fxe4 Ng4 19. Bc2 Qg5 20. Bd1
Ne3 21. Re1 Nc4 22. Re2 b6 23. Qa6 Nd6 24. Qd3 Rfd8 25. Nd2 c5 26. e5 Nf5
27. Ne4 Qf6 28. Nxf6+ {Black resigns} 1-0

[Event "ICC tourney 2149 (70 10)"]
[Site "Internet Chess Club"]
[Date "2020.11.21"]
[Round "2"]
[White "Munkhbileg2"]
[Black "Exocytosis"]
[Result "1-0"]
[ICCResult "Black resigns"]
[WhiteElo "1284"]
[BlackElo "163"]
[Opening "Scandinavian (center counter) defense"]
[ECO "B01"]
[NIC "VO.17"]
[Time "16:03:40"]
[TimeControl "4200+10"]

1. e4 d5 2. exd5 Qxd5 3. c4 Qd8 4. d4 Nf6 5. Nc3 a6 6. Nf3 e6 7. h3 Be7 8.
Bf4 O-O 9. Be2 c6 10. Qd2 c5 11. d5 Bd6 12. dxe6 Bxf4 13. exf7+ Kxf7 14.
Qxf4 Kg8 15. Qh4 Bf5 16. O-O Qb6 17. b3 Nbd7 18. Rad1 Rae8 19. Bd3 Bxd3 20.
Rxd3 Ne5 21. Nxe5 Rxe5 22. Rfd1 Qe6 23. f3 Re8 24. Rd8 Rxd8 25. Rxd8+ Kf7
26. Ne4 Nxe4 27. fxe4 Rxe4 28. Qh5+ Qg6 29. Qf3+ Qf6 30. Rd7+ Re7 31. Rxe7+
Kxe7 32. Qxb7+ Ke8 33. Qc8+ Kf7 34. Qd7+ Kg6 35. Qe8+ Kf5 36. Qh5+ Ke6 37.
Qxc5 Qa1+ 38. Kh2 Qxa2 39. b4 Qd2 40. Qc6+ Kf7 41. Qxa6 Qf4+ 42. Kg1 Qe3+
43. Kf1 Qd3+ 44. Kf2 Qd4+ 45. Kf3 Qc3+ 46. Ke4 Qe1+ 47. Kd5 Qxb4 48. Qe6+
{Black resigns}
1-0

[Event "ICC tourney 2149 (70 10)"]
[Site "Internet Chess Club"]
[Date "2020.11.21"]
[Round "2"]
[White "mjohnson21"]
[Black "saketsingh"]
[Result "1-0"]
[ICCResult "Black resigns"]
[WhiteElo "1485"]
[BlackElo "1453"]
[Opening "QGD: Cambridge Springs defense"]
[ECO "D52"]
[NIC "QO.15"]
[Time "16:02:50"]
[TimeControl "4200+10"]

1. d4 d5 2. c4 e6 3. Nc3 Nf6 4. Bg5 Nbd7 5. Nf3 c6 6. e3 Qa5 7. a3 Ne4 8.
Qc2 Bb4 9. Rc1 Bxc3+ 10. bxc3 Ndf6 11. Bd3 Nxg5 12. Nxg5 dxc4 13. Bxc4 Qxg5
14. O-O O-O 15. f4 Qg6 16. Bd3 Qh6 17. Qe2 g6 18. g4 Qg7 19. g5 Nd5 20. Kg2
Re8 21. Rh1 Bd7 22. h4 Ne7 23. h5 f5 24. gxf6 Qxf6 25. hxg6 Nxg6 26. Qh5 Re7
27. Rcg1 Rg7 28. Kf2 Kf7 29. Qg4 Rag8 30. Rh6 Kf8 31. Ke1 Qf7 32. Qh5 Ne7
33. Rxg7 Rxg7 34. Qe5 Rg1+ 35. Kf2 Qg7 36. Qxg7+ Rxg7 37. Bxh7 Nf5 38. Bxf5
exf5 39. Kf3 Be8 40. Rf6+ Ke7 41. Rxf5 Ke6 42. Re5+ Kd7 43. e4 Re7 44. Rg5
Bf7 45. e5 Ke6 46. Ke4 Be8 47. f5+ Kf7 48. e6+ Kf6 49. Rg8 Bf7 50. Rf8 Kg7
51. Rxf7+ Rxf7 52. exf7 Kxf7 53. Ke5 Ke7 54. f6+ Kf7 55. c4 b6 56. d5 cxd5
57. cxd5 Ke8 58. Ke6 Kf8 59. d6 Ke8 60. f7+ Kf8 61. d7 {Black resigns} 1-0

[Event "ICC tourney 2149 (70 10)"]
[Site "Internet Chess Club"]
[Date "2020.11.21"]
[Round "2"]
[White "rulloa"]
[Black "haarim"]
[Result "1-0"]
[ICCResult "Black resigns"]
[WhiteElo "365"]
[BlackElo "1445"]
[Opening "French: Schlechter variation"]
[ECO "C01"]
[NIC "FR.01"]
[Time "16:02:54"]
[TimeControl "4200+10"]

1. e4 e6 2. d4 d5 3. Bd3 dxe4 4. Bxe4 Nf6 5. Bf3 c5 6. Ne2 Be7 7. O-O O-O 8.
Bf4 Nc6 9. c3 cxd4 10. cxd4 Qb6 11. Nbc3 Rd8 12. Be3 Qxb2 13. Qa4 Qb4 14.
Bxc6 bxc6 15. Qc2 Ba6 16. Rfc1 Qc4 17. Ng3 Nd5 18. Nce4 Qxc2 19. Rxc2 Rdc8
20. Nc5 Bxc5 21. Rxc5 Nxe3 22. fxe3 Rab8 23. Rac1 Bb5 24. Ne4 Rd8 25. Nc3
Rb6 26. a4 Ba6 27. Ne4 Bb7 28. Nd2 Rd5 29. R5c4 Kf8 30. Nf3 f6 31. e4 Rd7
32. e5 Ba8 33. R1c2 a5 34. Nd2 Rb4 35. Ne4 Rxd4 36. Rxd4 Rxd4 37. Nc5 Ke7
38. exf6+ gxf6 39. Kf2 Kd6 40. Ke3 Kd5 41. Nd7 f5 42. Rc5+ Kd6 43. Kxd4 Kxd7
44. Rxa5 Bb7 45. g3 h5 46. Re5 Kd6 47. Re1 c5+ 48. Kc3 Ba6 49. a5 Kd5 50.
Rd1+ Ke4 51. Rd6 Bb7 52. Rxe6+ Kf3 53. Rh6 Kg4 54. a6 Bf3 55. a7 Kh3 56.
Rxh5+ Bxh5 57. a8=Q Kxh2 58. Qh8 Kxg3 59. Qxh5 f4 60. Qg5+ Kf3 61. Qxc5 Kg2
62. Qg5+ Kf3 63. Kd2 Kf2 64. Qxf4+ {Black resigns} 1-0

[Event "ICC tourney 2149 (70 10)"]
[Site "Internet Chess Club"]
[Date "2020.11.21"]
[Round "2"]
[White "Rishibhatt"]
[Black "Davide25"]
[Result "0-1"]
[ICCResult "White forfeits on time"]
[WhiteElo "1311"]
[BlackElo "1315"]
[Opening "Caro-Kann defense"]
[ECO "B10"]
[NIC "CK.01"]
[Time "16:02:58"]
[TimeControl "4200+10"]

1. e4 c6 2. Nf3 d5 3. exd5 cxd5 4. d4 Nf6 5. Be2 Bg4 6. O-O e6 7. h3 Bh5 8.
Bg5 Be7 9. Ne5 Bxe2 10. Qxe2 O-O 11. Qb5 Qc7 12. Nc3 Nc6 13. Nf3 a6 14. Qd3
Rfc8 15. Rfe1 h6 16. Bh4 b5 17. a3 b4 18. Na4 bxa3 19. bxa3 Na5 20. Rec1 Nc4
21. Ne5 Qa5 22. Nc5 Rxc5 23. dxc5 Nxe5 24. Qb3 Qb5 25. Qxb5 axb5 26. Rcb1
Bxc5 27. Rxb5 Rxa3 28. Rxa3 Bxa3 29. Bxf6 gxf6 30. f4 Nc4 31. f5 Kg7 32. g4
Ne3 33. Rb3 Nc4 34. Kf2 Bc5+ 35. Kg3 Bd6+ 36. Kf2 e5 37. Rb5 d4 38. Rd5 Bf8
39. Rd8 Bb4 40. Ke2 Ne3 41. Kd3 Ng2 42. Kc4 Bf8 43. Kb5 Ne3 44. c4 dxc3 45.
Rc8 c2 46. Ka4 e4 47. Kb3 Bd6 48. Rc3 Bf4 {White forfeits on time} 0-1